 Dungeon Crawl Stone Soup version 0.18.1-50-g88ac8fd (webtiles) character file.

197 GammafunkIsRetarded the Magician (level 5, -3/31 HPs)
             Began as a High Elf Ice Elementalist on June 9, 2018.
             Shot with an arrow by a centaur (14 damage)
             ... on level 5 of the Dungeon.
             The game lasted 00:06:57 (917 turns).

GammafunkIsRetarded the Magician (HEIE)              Turns: 917, Time: 00:06:58

Health: -3/31      AC:  3    Str:  8    XL:     5   Next: 46%
Magic:  21/21      EV: 12    Int: 19    God:
Gold:   70         SH:  0    Dex: 15    Spells: 1 memorised, 11 levels left

rFire  . . .     SeeInvis .     c - +3 spear
rCold  . . .     Gourm    .     q - +0 robe
rNeg   . . .     Faith    .     g - +0 buckler
rPois  .         Spirit   .     p - +0 helmet
rElec  .         Dismiss  .     (no cloak)
rCorr  +         Reflect  .     (no gloves)
SustAt .         Harm     .     (no boots)
MR     .....                    (no amulet)
Stlth  +.........               l - ring of magical power
                                s - ring of resist corrosion

@: confused, not resistant to hostile enchantments, very unstealthy
A: no striking features
a: no special abilities


You were on level 5 of the Dungeon.
You were not hungry.

You visited 1 branch of the dungeon, and saw 6 of its levels.

You collected 70 gold pieces.

Inventory:

Hand Weapons
 a - a +0 trident of venom
 c - a +3 spear (weapon)
 f - a +0 mace
 k - a +0 rapier
Armour
 g - a +0 buckler (worn)
 p - a +0 helmet (worn)
 q - a +0 robe (worn)
Jewellery
 j - an uncursed ring of sustain attributes
 l - a ring of magical power (right hand)
 s - a ring of resist corrosion (left hand)
Wands
 e - a wand of flame (20/48)
 n - a wand of flame (18/48)
 o - a wand of lightning (3/15)
Scrolls
 t - a scroll of fear {unknown}
 u - a scroll of amnesia {unknown}
 v - a scroll of teleportation {unknown}
Potions
 m - a potion of invisibility {unknown}
Books
 b - a book of Frost

   Spells                             Type                      Level
   a - Freeze                         Ice                          1
   b - Throw Frost                    Conjuration/Ice              2
   c - Ozocubu's Armour               Charms/Ice                   3
   d - Throw Icicle                   Conjuration/Ice              4
   e - Summon Ice Beast               Ice/Summoning                4
Comestibles
 d - 2 beef jerkies
 h - 2 meat rations
 r - 2 bread rations


   Skills:
 - Level 2.1 Dodging
 - Level 2.1 Stealth
 + Level 3.5 Shields
 - Level 4.2 Spellcasting
   Level 1.1 Conjurations
 - Level 3.0 Ice Magic
 - Level 1.1 Evocations


You had 11 spell levels left.
You knew the following spells:

 Your Spells              Type           Power        Failure   Level  Hunger
a - Freeze                Ice            ###.         4%          1    None


Dungeon Overview and Level Annotations

Branches:
Dungeon (6/15)
 Temple: D:4-7

Altars:
Qazlal

Annotations:
D:3 GammafunkIsRetarded's ghost, weakling HEIE


Message History

It was a potion of ambrosia.
You are confused.
You feel invigorated.
The orc wizard shouts!
The orc wizard gestures wildly while chanting.
The orc wizard seems to speed up.
The centaur shoots an arrow.
The arrow hits you!
Unknown command.
The centaur shoots an arrow.
The arrow hits you!
* * * LOW HITPOINT WARNING * * *
The orc hits you but does no damage.
You see here an arrow.
Unknown command.
Unknown command.
Unknown command.
Unknown command.
You hit the orc.
The orc is severely wounded.
The centaur shoots an arrow.
The arrow hits you!
You die...

##...## ##'## #.#
#.# ##.##
########...#####
........†........
######....#####.
#.@.## #(.o#
#......o..#
####.?.#### #...#
...c. ###.## .#
.#


You could see a centaur, an orc wizard and an orc.

Vanquished Creatures
  An ogre (D:5)
  A crimson imp (D:5)
  Terence (D:2)
  3 adders
  2 shadow imps
  A giant gecko (D:5)
  An orc (D:4)
  A giant cockroach (D:3)
  2 goblins
  A hobgoblin (D:2)
  A giant newt (D:5)
  2 kobolds (D:2)
  A rat (D:3)
18 creatures vanquished.

Notes
Turn   | Place    | Note
--------------------------------------------------------------
     0 | D:1      | GammafunkIsRetarded the High Elf Ice Elementalist began the quest for the Orb.
     0 | D:1      | Reached XP level 1. HP: 11/11 MP: 4/4
   158 | D:1      | You fall through a shaft!
   175 | D:2      | Noticed Terence
   191 | D:2      | Killed Terence
   191 | D:2      | Reached skill level 3 in Spellcasting
   191 | D:2      | Reached XP level 2. HP: 15/17 MP: 0/7
   275 | D:2      | Reached skill level 4 in Spellcasting
   275 | D:2      | Reached XP level 3. HP: 20/21 MP: 4/9
   381 | D:3      | Found a stormy altar of Qazlal.
   429 | D:3      | Reached skill level 1 in Shields
   429 | D:3      | Reached skill level 1 in Evocations
   455 | D:3      | Noticed GammafunkIsRetarded's ghost (weakling HEIE)
   552 | D:5      | Entered Level 5 of the Dungeon
   600 | D:5      | Noticed an ogre
   614 | D:5      | Killed an ogre
   614 | D:5      | Reached XP level 4. HP: 5/27 MP: 11/11
   614 | D:5      | Reached XP level 5. HP: 6/31 MP: 12/12
   914 | D:5      | Noticed a centaur
   917 | D:5      | Shot with an arrow by a centaur

Skill      XL: |  1  2  3  4  5 |
---------------+----------------+-----
Spellcasting   | 3 4 |  4.2
Shields        | 2 3 |  3.5
Evocations     | 1 |  1.1
Dodging        | |  2.1
Stealth        | |  2.1
Conjurations   | |  1.1
Ice Magic      | |  3.0

Action                   |  1- 3 |  4- 6 || total
-------------------------+-------+-------++-------
Melee: Mace              |     2 |       ||     2
       Trident           |     1 |     2 ||     3
       Rapier            |     1 |       ||     1
       Spear             |       |    11 ||    11
 Cast: Freeze            |    23 |       ||    23
Evoke: Wand              |     5 |    10 ||    15
  Use: Scroll            |     2 |       ||     2
       Potion            |       |     1 ||     1
 Stab: Sleeping          |     3 |     1 ||     4
Armor: Robe              |     4 |     2 ||     6
Dodge: Dodged            |     9 |     9 ||    18
Block: Buckler           |       |     1 ||     1
